TOP OF THE 1ST |
Port Royal Disaster batting - Pitching for Houston BC : RHP António Ybarra
|
Pitching: RHP António Ybarra
|
|
Batting: LHB Peter Paul
|
0-0: Ball 1-0: Foul Ball, location: 2F 1-1: Ball 2-1: Ball 3-1: Foul Ball, location: 2F 3-2: Base on Balls
|
Batting: LHB Frank Wentworth
|
0-0: Ball 1-0: Swinging Strike 1-1: Ball 2-1: Fly out, F8 (Flyball, 8LXD)
|
Batting: RHB Iván Vega
|
0-0: Called Strike 0-1: Ball 1-1: Grounds into double play, 6-4-3 (Groundball, 6)
|
Top of the 1st over - 0 run(s), 0 hit(s), 0 error(s), 0 left on base; Port Royal 0 - Houston 0 |
BOTTOM OF THE 1ST |
Houston BC batting - Pitching for Port Royal Disaster : RHP Cipriano Costa
|
Pitching: RHP Cipriano Costa
|
|
Batting: RHB José Muńóz
|
0-0: Ball 1-0: Bunt missed! 1-1: Fly out, F9 (Flyball, 89M)
|
Batting: LHB António Rivera
|
0-0: Ball 1-0: Foul Ball, location: 2F 1-1: Ball 2-1: Foul Ball, location: 2F 2-2: Strikes out swinging
|
Batting: LHB Yun Yen
|
0-0: Ball 1-0: Ball 2-0: Fly out, F9 (Flyball, 9M)
|
Bottom of the 1st over - 0 run(s), 0 hit(s), 0 error(s), 0 left on base; Port Royal 0 - Houston 0 |
TOP OF THE 2ND |
Port Royal Disaster batting - Pitching for Houston BC : RHP António Ybarra
|
Batting: LHB Guillermo Romero
|
0-0: Ball 1-0: Ball 2-0: Called Strike 2-1: Ball 3-1: Foul Ball, location: 2F 3-2: Foul Ball, location: 2F 3-2: Base on Balls
|
Batting: LHB Javier Sánchez
|
0-0: Ball 1-0: DOUBLE (Flyball, 89XD) Guillermo Romero to third
|
Batting: LHB Jason Potter
|
0-0: Ball 1-0: Ball 2-0: Ball 3-0: Called Strike 3-1: SINGLE (Groundball, 6M) Guillermo Romero scores Javier Sánchez to third
|
Batting: LHB Nelson Sanders
|
Pickoff Throw to First - Out! 0-0: Called Strike 0-1: Ball 1-1: Ball 2-1: Swinging Strike 2-2: Foul Ball, location: 2F 2-2: Ball 3-2: Base on Balls
|
Batting: RHB Brandon Cooper
|
0-0: Ball 1-0: Ball 2-0: Ground out 5-3 (Groundball, 56S) Javier Sánchez scores Nelson Sanders to second
|
Batting: RHB Javier Martínez
|
0-0: SINGLE (Line Drive, 89S) Nelson Sanders to third Runner from 3rd tries for Home, SAFE, no throw or cutoff
|
Batting: LHB Peter Paul
|
0-0: Ball 1-0: Ball 2-0: Foul Ball, location: 2F 2-1: Foul Ball, location: 2F 2-2: Ball 3-2: Foul Ball, location: 2F 3-2: SINGLE (Groundball, 34) Javier Martínez to second Javier Martínez to third
|
Batting: LHB Frank Wentworth
|
0-0: Called Strike 0-1: Ball 1-1: Ball 2-1: Foul Ball, location: 2F 2-2: Foul Ball, location: 2F 2-2: Ball 3-2: Foul Ball, location: 2F 3-2: Foul Ball, location: 2F 3-2: Foul Ball, location: 2F 3-2: Base on Balls Peter Paul to second
|
Batting: RHB Iván Vega
|
0-0: Called Strike 0-1: Foul Ball, location: 2F 0-2: Ball 1-2: Foul Ball, location: 2F 1-2: Foul Ball, location: 2F 1-2: Fly out, F7 (Flyball, 7LM)
|
Top of the 2nd over - 3 run(s), 4 hit(s), 0 error(s), 3 left on base; Port Royal 3 - Houston 0 |
BOTTOM OF THE 2ND |
Houston BC batting - Pitching for Port Royal Disaster : RHP Cipriano Costa
|
Batting: LHB Jesús Reyes
|
0-0: Ball 1-0: Called Strike 1-1: Ball 2-1: Swinging Strike 2-2: Strikes out swinging
|
Batting: SHB Xavier Vásquez
|
0-0: Ball 1-0: Swinging Strike 1-1: Called Strike 1-2: Foul Ball, location: 2F 1-2: Strikes out looking
|
Batting: RHB Max White
|
0-0: Ball 1-0: Ground out 1-3 (Groundball, 13)
|
Bottom of the 2nd over - 0 run(s), 0 hit(s), 0 error(s), 0 left on base; Port Royal 3 - Houston 0 |
TOP OF THE 3RD |
Port Royal Disaster batting - Pitching for Houston BC : RHP António Ybarra
|
Batting: LHB Guillermo Romero
|
0-0: Swinging Strike 0-1: Ball 1-1: Foul Ball, location: 2F 1-2: Strikes out looking
|
Batting: LHB Javier Sánchez
|
0-0: Ball 1-0: Ball 2-0: Called Strike 2-1: Called Strike 2-2: Strikes out swinging
|
Batting: LHB Jason Potter
|
0-0: Ball 1-0: Ground out 4-3 (Groundball, 4M)
|
Top of the 3rd over - 0 run(s), 0 hit(s), 0 error(s), 0 left on base; Port Royal 3 - Houston 0 |
BOTTOM OF THE 3RD |
Houston BC batting - Pitching for Port Royal Disaster : RHP Cipriano Costa
|
Batting: RHB Jorge Quezada
|
0-0: Called Strike 0-1: Swinging Strike 0-2: Ball 1-2: Foul Ball, location: 2F 1-2: Ball 2-2: Ball 3-2: Base on Balls
|
Batting: RHB Ludovico Trezza
|
0-0: Ball 1-0: Fielders Choice at 2nd, 5-4 (Groundball, 56)
|
Batting: RHB Albert Delgado
|
0-0: Ball 1-0: Ball 2-0: SINGLE (Line Drive, 7S) Ludovico Trezza to second
|
Batting: RHB José Muńóz
|
0-0: Ball 1-0: Ball 2-0: Foul Ball, location: 2F 2-1: Foul Ball, location: 2F 2-2: Strikes out swinging
|
Batting: LHB António Rivera
|
0-0: Foul Ball, location: 2F 0-1: Called Strike 0-2: Foul Ball, location: 2F 0-2: Foul Ball, location: 2F 0-2: Ball 1-2: Strikes out swinging
|
Bottom of the 3rd over - 0 run(s), 1 hit(s), 0 error(s), 2 left on base; Port Royal 3 - Houston 0 |
TOP OF THE 4TH |
Port Royal Disaster batting - Pitching for Houston BC : RHP António Ybarra
|
Batting: LHB Nelson Sanders
|
0-0: Ball 1-0: Ball 2-0: Ball 3-0: Base on Balls
|
Batting: RHB Brandon Cooper
|
0-0: Called Strike 0-1: Ball 1-1: Ball 2-1: Foul Ball, location: 2F 2-2: Strikes out swinging
|
Batting: RHB Javier Martínez
|
0-0: Ball 1-0: SINGLE (Flyball, 7LS) Nelson Sanders to second
|
Batting: LHB Peter Paul
|
0-0: Foul Ball, location: 2F 0-1: Ball 1-1: Called Strike 1-2: Foul Ball, location: 2F 1-2: SINGLE (Flyball, 4MD) Nelson Sanders to third Javier Martínez to second Runner from 3rd tries for Home, SAFE, throw made home Javier Martínez to third Peter Paul to second
|
Batting: LHB Frank Wentworth
|
0-0: Swinging Strike 0-1: Ball 1-1: Swinging Strike 1-2: Ball 2-2: Fly out, F7 (Line Drive, 78M) Runner from 3rd tags up, SCORES, no throw
|
Batting: RHB Iván Vega
|
0-0: Ball 1-0: Ground out 5-3 (Groundball, 5S)
|
Top of the 4th over - 2 run(s), 2 hit(s), 0 error(s), 1 left on base; Port Royal 5 - Houston 0 |
BOTTOM OF THE 4TH |
Houston BC batting - Pitching for Port Royal Disaster : RHP Cipriano Costa
|
Batting: LHB Yun Yen
|
0-0: Called Strike 0-1: Ball 1-1: Ball 2-1: Swinging Strike 2-2: Fly out, F9 (Flyball, 89S)
|
Batting: LHB Jesús Reyes
|
0-0: Ball 1-0: Foul Ball, location: 2F 1-1: Foul Ball, location: 2F 1-2: Foul Ball, location: 2F 1-2: Ball 2-2: SINGLE (Flyball, 7S)
|
Batting: SHB Xavier Vásquez
|
0-0: SINGLE (Line Drive, 34) Jesús Reyes to second
|
Batting: RHB Max White
|
0-0: Ball 1-0: Fielders Choice at 2nd, 3-6 (Groundball, 3) Jesús Reyes to third
|
Batting: RHB Jorge Quezada
|
0-0: Called Strike 0-1: Called Strike 0-2: Ball 1-2: Foul Ball, location: 2F 1-2: Strikes out swinging
|
Bottom of the 4th over - 0 run(s), 2 hit(s), 0 error(s), 2 left on base; Port Royal 5 - Houston 0 |
TOP OF THE 5TH |
Port Royal Disaster batting - Pitching for Houston BC : RHP António Ybarra
|
Batting: LHB Guillermo Romero
|
0-0: Ball 1-0: Ground out U3 (Groundball, 3L)
|
Batting: LHB Javier Sánchez
|
0-0: DOUBLE (Groundball, 3L)
|
Batting: LHB Jason Potter
|
0-0: Ball 1-0: Ball 2-0: SINGLE (Line Drive, 56D) Javier Sánchez to third
|
Batting: LHB Nelson Sanders
|
0-0: Ball 1-0: Ball 2-0: Ball 3-0: Base on Balls Jason Potter to second
|
Batting: RHB Brandon Cooper
|
0-0: Called Strike 0-1: Foul Ball, location: 2F 0-2: Foul Ball, location: 2F 0-2: Strikes out swinging
|
Pitching: RHP Doug Ryan
|
|
Batting: RHB Javier Martínez
|
0-0: Foul Ball, location: 2F 0-1: Ball 1-1: Foul Ball, location: 2F 1-2: Ball 2-2: DOUBLE (Line Drive, 8LM) Javier Sánchez scores Jason Potter scores Nelson Sanders to third
|
Batting: LHB Peter Paul
|
0-0: Ball 1-0: Called Strike 1-1: Ball 2-1: Ball 3-1: Foul Ball, location: 2F 3-2: Base on Balls
|
Batting: LHB Frank Wentworth
|
0-0: Swinging Strike 0-1: Ball 1-1: Ball 2-1: Ball 3-1: Foul Ball, location: 2F 3-2: Foul Ball, location: 2F 3-2: Base on Balls Nelson Sanders scores Javier Martínez to third Peter Paul to second
|
Batting: RHB Iván Vega
|
0-0: Foul Ball, location: 2F 0-1: Fly out, F7 (Flyball, 78XD)
|
Top of the 5th over - 3 run(s), 3 hit(s), 0 error(s), 3 left on base; Port Royal 8 - Houston 0 |
BOTTOM OF THE 5TH |
Houston BC batting - Pitching for Port Royal Disaster : RHP Cipriano Costa
|
Batting: RHB Ludovico Trezza
|
0-0: Ball 1-0: Ball 2-0: Ball 3-0: Base on Balls
|
Batting: RHB Albert Delgado
|
0-0: Called Strike 0-1: Ball 1-1: Foul Ball, location: 2F 1-2: Ball 2-2: Ball 3-2: SINGLE (Flyball, 78S) Ludovico Trezza to second
|
Batting: RHB José Muńóz
|
0-0: Ball 1-0: Ball 2-0: Swinging Strike 2-1: Ball 3-1: Base on Balls Ludovico Trezza to third Albert Delgado to second
|
Batting: LHB António Rivera
|
0-0: Called Strike 0-1: Swinging Strike 0-2: Strikes out swinging
|
Batting: LHB Yun Yen
|
0-0: Ball 1-0: Fly out, F8 (Flyball, 8LM) Runner from 3rd tags up, SCORES, no throw
|
Batting: LHB Jesús Reyes
|
0-0: Ball 1-0: Ball 2-0: Called Strike 2-1: SINGLE (Groundball, 34D) Albert Delgado to third José Muńóz to second Runner from 3rd tries for Home, SAFE, no throw or cutoff
|
Batting: SHB Xavier Vásquez
|
0-0: Called Strike 0-1: Swinging Strike 0-2: SINGLE (Groundball, 34S) José Muńóz to third Jesús Reyes to second Runner from 3rd tries for Home, SAFE, throw made at trailing runner, OUT at third!
|
Bottom of the 5th over - 3 run(s), 3 hit(s), 0 error(s), 1 left on base; Port Royal 8 - Houston 3 |
TOP OF THE 6TH |
Port Royal Disaster batting - Pitching for Houston BC : RHP Doug Ryan
|
Batting: LHB Guillermo Romero
|
0-0: Ball 1-0: Ball 2-0: Swinging Strike 2-1: Ball 3-1: Called Strike 3-2: Base on Balls
|
Batting: LHB Javier Sánchez
|
0-0: Fly out, F7 (Flyball, 78M)
|
Batting: LHB Jason Potter
|
0-0: Ground out 4-3 (Groundball, 4M) Guillermo Romero to second
|
Batting: LHB Nelson Sanders
|
0-0: Ball 1-0: Ball 2-0: Foul Ball, location: 2F 2-1: TRIPLE (Line Drive, 9D) Guillermo Romero scores
|
Batting: RHB Brandon Cooper
|
0-0: Swinging Strike 0-1: Ball 1-1: Foul Ball, location: 2F 1-2: Fly out, F9 (Flyball, 89M)
|
Top of the 6th over - 1 run(s), 1 hit(s), 0 error(s), 1 left on base; Port Royal 9 - Houston 3 |
BOTTOM OF THE 6TH |
Houston BC batting - Pitching for Port Royal Disaster : RHP Cipriano Costa
|
Batting: RHB Max White
|
0-0: Fly out, F2 (Popup, 25F)
|
Batting: RHB Jorge Quezada
|
0-0: Fly out, F8 (Flyball, 8LD)
|
Batting: RHB Ludovico Trezza
|
0-0: Called Strike 0-1: SINGLE (Line Drive, 9S)
|
Batting: RHB Albert Delgado
|
Pickoff Throw to First - Error! E1 Ludovico Trezza to second 0-0: Ball 1-0: Ball 2-0: Fly out, F8 (Flyball, 8LM)
|
Bottom of the 6th over - 0 run(s), 1 hit(s), 1 error(s), 1 left on base; Port Royal 9 - Houston 3 |
TOP OF THE 7TH |
Port Royal Disaster batting - Pitching for Houston BC : RHP Doug Ryan
|
Batting: RHB Javier Martínez
|
0-0: Foul Ball, location: 2F 0-1: Foul Ball, location: 2F 0-2: Foul Ball, location: 2F 0-2: Strikes out swinging
|
Batting: LHB Peter Paul
|
0-0: Ball 1-0: Ball 2-0: Ball 3-0: Base on Balls
|
Batting: LHB Frank Wentworth
|
0-0: Called Strike 0-1: DOUBLE (Flyball, 7LM) Peter Paul to third
|
Batting: RHB Iván Vega
|
0-0: Ground out 1-3 (Groundball, 15)
|
Batting: LHB Guillermo Romero
|
0-0: Foul Ball, location: 2F 0-1: Foul Ball, location: 2F 0-2: Ball 1-2: Ball 2-2: Foul Ball, location: 2F 2-2: Ball 3-2: Base on Balls
|
Batting: LHB Javier Sánchez
|
0-0: Called Strike 0-1: Foul Ball, location: 2F 0-2: Fly out, F1 (Line Drive, 15)
|
Top of the 7th over - 0 run(s), 1 hit(s), 0 error(s), 3 left on base; Port Royal 9 - Houston 3 |
BOTTOM OF THE 7TH |
Houston BC batting - Pitching for Port Royal Disaster : RHP Cipriano Costa
|
Batting: RHB José Muńóz
|
0-0: Ball 1-0: Bunt for hit - play at first, batter safe!
|
Batting: LHB António Rivera
|
0-0: Called Strike 0-1: Ball 1-1: Swinging Strike 1-2: Strikes out swinging
|
Batting: LHB Yun Yen
|
0-0: Ball José Muńóz steals 2nd base 1-0: Fly out, F7 (Popup, 7S)
|
Batting: LHB Jesús Reyes
|
0-0: Ball 1-0: Swinging Strike 1-1: Swinging Strike 1-2: Ball 2-2: Strikes out looking
|
Bottom of the 7th over - 0 run(s), 1 hit(s), 0 error(s), 1 left on base; Port Royal 9 - Houston 3 |
TOP OF THE 8TH |
Port Royal Disaster batting - Pitching for Houston BC : RHP Doug Ryan
|
Pitching: LHP Francisco Mora
|
|
Batting: LHB Jason Potter
|
0-0: Called Strike 0-1: Ground out 6-3 (Groundball, 6M)
|
Batting: LHB Nelson Sanders
|
0-0: Called Strike 0-1: Ball 1-1: Swinging Strike 1-2: Strikes out swinging, 2-3 out at first.
|
Batting: RHB Brandon Cooper
|
0-0: Ball 1-0: Ball 2-0: Fly out, F3 (Popup, 3F)
|
Top of the 8th over - 0 run(s), 0 hit(s), 0 error(s), 0 left on base; Port Royal 9 - Houston 3 |
BOTTOM OF THE 8TH |
Houston BC batting - Pitching for Port Royal Disaster : RHP Cipriano Costa
|
Pitching: LHP Aukukero Mincarlie Jr.
|
|
Now at SS: Barnett Armstrong
|
|
Batting: SHB Xavier Vásquez
|
0-0: Foul Ball, location: 2F 0-1: Ball 1-1: SINGLE (Line Drive, 8LS)
|
Batting: RHB Max White
|
0-0: Ball 1-0: Foul Ball, location: 2F 1-1: Foul Ball, location: 2F 1-2: Ball 2-2: Strikes out swinging
|
Batting: RHB Jorge Quezada
|
0-0: Called Strike 0-1: Called Strike 0-2: Strikes out swinging
|
Batting: RHB Ludovico Trezza
|
0-0: Fly out, F5 (Popup, 5F)
|
Bottom of the 8th over - 0 run(s), 1 hit(s), 0 error(s), 1 left on base; Port Royal 9 - Houston 3 |
TOP OF THE 9TH |
Port Royal Disaster batting - Pitching for Houston BC : LHP Francisco Mora
|
Pitching: RHP Júlio Rodríguez
|
|
Batting: RHB Javier Martínez
|
0-0: Ball 1-0: Ball 2-0: Ball 3-0: Called Strike 3-1: Swinging Strike 3-2: SINGLE (Line Drive, 4MD)
|
Batting: LHB Peter Paul
|
0-0: Ball Javier Martínez is caught stealing 2nd base 1-0: Ball 2-0: Ball 3-0: Called Strike 3-1: Base on Balls
|
Batting: LHB Frank Wentworth
|
0-0: Called Strike 0-1: Fielders Choice at 2nd, 3-6 (Groundball, 3)
|
Batting: RHB Iván Vega
|
0-0: Ball 1-0: SINGLE (Line Drive, 7S) Frank Wentworth to second
|
Batting: LHB Guillermo Romero
|
0-0: Ground out 4-3 (Groundball, 4)
|
Top of the 9th over - 0 run(s), 2 hit(s), 0 error(s), 2 left on base; Port Royal 9 - Houston 3 |
BOTTOM OF THE 9TH |
Houston BC batting - Pitching for Port Royal Disaster : LHP Aukukero Mincarlie Jr.
|
Now at 2B: Keith McKnight
|
|
Now in CF: Bob Rogers
|
|
Batting: RHB Albert Delgado
|
0-0: Ground out 1-3 (Groundball, 13S)
|
Batting: RHB José Muńóz
|
0-0: SINGLE (Line Drive, 3)
|
Batting: LHB António Rivera
|
0-0: Ball 1-0: Swinging Strike 1-1: Ball 2-1: Ball 3-1: Base on Balls José Muńóz to second
|
Batting: LHB Yun Yen
|
0-0: Ball 1-0: Ball 2-0: SINGLE (Line Drive, 89S) José Muńóz to third António Rivera to second Runner from 3rd tries for Home, SAFE, no throw or cutoff
|
Pitching: LHP António Venegas
|
|
Batting: LHB Jesús Reyes
|
0-0: Ball 1-0: Called Strike 1-1: Ball 2-1: 3-RUN HOME RUN (Line Drive, 9LD), Distance : 345 ft
|
Batting: SHB Xavier Vásquez
|
0-0: Ball 1-0: DOUBLE (Groundball, 5D)
|
Batting: RHB Max White
|
0-0: Ball 1-0: Swinging Strike 1-1: Ball 2-1: Called Strike 2-2: Ball 3-2: Base on Balls
|
Pinch Hitting: RHB Micah Miller
|
0-0: Called Strike 0-1: Foul Ball, location: 2F 0-2: Grounds into double play, 5-4-3 (Groundball, 5)
|
Bottom of the 9th over - 4 run(s), 4 hit(s), 0 error(s), 1 left on base; Port Royal 9 - Houston 7 |
|